| TOP OF THE 1ST |
|
Washington Nationals batting - Pitching for New York Mets : RHP Pat Whittier
|
|
Pitching: RHP Pat Whittier
|
|
|
Batting: LHB David Dahl
|
0-0: Ball 1-0: Called Strike 1-1: Foul Ball, location: 7LSFF 1-2: Ball 2-2: SINGLE (Groundball, 56D, EV 100.0 MPH)
|
|
Batting: LHB Shane Mardirosian
|
0-0: Called Strike 0-1: Ball 1-1: Ball 2-1: Fly out, F8 (Flyball, 8LD, EV 93.1 MPH)
|
|
Batting: RHB Manny Machado
|
0-0: Ball 1-0: Ball 2-0: Foul Ball, location: 23F 2-1: SINGLE (Line Drive, 6D, EV 103.1 MPH) David Dahl to second
|
|
Batting: LHB Bryce Harper
|
0-0: Ball 1-0: Ball 2-0: Ball 3-0: Called Strike 3-1: Called Strike 3-2: Foul Ball, location: 7LDF 3-2: Fly out, F2 (Popup, 2LF, EV 87.5 MPH)
|
|
Batting: RHB Oscar Hernandez
|
0-0: Fly out, F7 (Line Drive, 7, EV 90.6 MPH)
|
| Top of the 1st over - 0 runs, 2 hits, 0 errors, 2 left on base; Washington 0 - New York 0 |
| BOTTOM OF THE 1ST |
|
New York Mets batting - Pitching for Washington Nationals : RHP Joey Gatto
|
|
Pitching: RHP Joey Gatto
|
|
|
Batting: RHB Juan De Leon
|
0-0: Called Strike 0-1: Ball 1-1: Ball 2-1: Swinging Strike 2-2: Ball 3-2: Strikes out swinging
|
|
Batting: RHB Konstancji Andrychowski
|
0-0: Ball 1-0: Ball 2-0: DOUBLE (Groundball, 5L, EV 103.8 MPH)
|
|
Batting: LHB Deron Fernández
|
0-0: Ball 1-0: Ball 2-0: Called Strike 2-1: Swinging Strike 2-2: Ground out U3 (Groundball, 3, EV 75.0 MPH) Konstancji Andrychowski to third
|
|
Batting: LHB Jim Hayes
|
0-0: Called Strike 0-1: Ball 1-1: Foul Ball, location: 7LDF 1-2: Ball 2-2: Strikes out swinging
|
| Bottom of the 1st over - 0 runs, 1 hit, 0 errors, 1 left on base; Washington 0 - New York 0 |
| TOP OF THE 2ND |
|
Washington Nationals batting - Pitching for New York Mets : RHP Pat Whittier
|
|
Batting: RHB Aaron Judge
|
0-0: Ball 1-0: Ground out 3-1 (Groundball, 13, EV 81.9 MPH)
|
|
Batting: RHB Jeremy Austin
|
0-0: Ball 1-0: Foul Ball, location: 5FF 1-1: Ball 2-1: Swinging Strike 2-2: DOUBLE (Flyball, 8RD, EV 93.8 MPH)
|
|
Batting: RHB Mathies Reuter
|
0-0: Called Strike 0-1: Called Strike 0-2: Strikes out looking
|
|
Batting: RHB Miguel Sano
|
0-0: Ball 1-0: Ball 2-0: Foul Ball, location: 9LSFF 2-1: Called Strike 2-2: Foul Ball, location: 3FF 2-2: SINGLE (Line Drive, 9S, EV 102.5 MPH) Jeremy Austin to third Throwing error, E9 Jeremy Austin scores Miguel Sano to second
|
|
Batting: LHB David Dahl
|
0-0: Ground out 1-3 (Groundball, 13S, EV 71.9 MPH)
|
| Top of the 2nd over - 1 run, 2 hits, 1 error, 1 left on base; Washington 1 - New York 0 |
| BOTTOM OF THE 2ND |
|
New York Mets batting - Pitching for Washington Nationals : RHP Joey Gatto
|
|
Batting: RHB Pat Flores
|
0-0: Ball 1-0: Ball 2-0: Called Strike 2-1: Foul Ball, location: 2F 2-2: Ball 3-2: Foul Ball, location: 9LSF 3-2: Foul Ball, location: 7LMF 3-2: Ground out 4-3 (Groundball, 4, EV 95.0 MPH)
|
|
Batting: RHB Mike Wilson
|
0-0: Ball 1-0: SINGLE (Groundball, 6MD, EV 106.9 MPH)
|
|
Batting: LHB Reese McGuire
|
0-0: Swinging Strike 0-1: Called Strike 0-2: Foul Ball, location: 2F 0-2: Ball 1-2: Ball 2-2: Grounds out, U3 (Groundball, 3L, EV 105.0 MPH)
|
|
Batting: SHB Lou McKenzie
|
0-0: Called Strike 0-1: Ball 1-1: Fly out, F7 (Flyball, 7S, EV 89.4 MPH)
|
| Bottom of the 2nd over - 0 runs, 1 hit, 0 errors, 1 left on base; Washington 1 - New York 0 |
| TOP OF THE 3RD |
|
Washington Nationals batting - Pitching for New York Mets : RHP Pat Whittier
|
|
Batting: LHB Shane Mardirosian
|
0-0: Fly out, F5 (Popup, 5SF, EV 78.1 MPH)
|
|
Batting: RHB Manny Machado
|
0-0: Ball 1-0: Ball 2-0: Foul Ball, location: 9LMF 2-1: Called Strike 2-2: Ball 3-2: SINGLE (Groundball, 4MD, EV 103.8 MPH)
|
|
Batting: LHB Bryce Harper
|
0-0: Ball 1-0: Foul Ball, location: 2LF 1-1: SINGLE (Groundball, 4MS, EV 65.0 MPH) (infield hit) Manny Machado to second
|
|
Batting: RHB Oscar Hernandez
|
0-0: Called Strike 0-1: Called Strike 0-2: Ball 1-2: Ball 2-2: Ball 3-2: Foul Ball, location: 3SF 3-2: Fielders Choice at 2nd, 5-4 (Groundball, 56, EV 90.0 MPH) Manny Machado to third
|
|
Batting: RHB Aaron Judge
|
0-0: Called Strike 0-1: Swinging Strike 0-2: Fielders Choice at 2nd, 6-4 (Groundball, 6, EV 84.4 MPH)
|
| Top of the 3rd over - 0 runs, 2 hits, 0 errors, 2 left on base; Washington 1 - New York 0 |
| BOTTOM OF THE 3RD |
|
New York Mets batting - Pitching for Washington Nationals : RHP Joey Gatto
|
|
Batting: RHB Dustin Peterson
|
0-0: Ball 1-0: Ball 2-0: Swinging Strike 2-1: Ball 3-1: Called Strike 3-2: Strikes out swinging
|
|
Batting: RHB Juan De Leon
|
0-0: Called Strike 0-1: Ball 1-1: Swinging Strike 1-2: Strikes out swinging
|
|
Batting: RHB Konstancji Andrychowski
|
0-0: Ground out 1-3 (Groundball, 13S, EV 75.6 MPH)
|
| Bottom of the 3rd over - 0 runs, 0 hits, 0 errors, 0 left on base; Washington 1 - New York 0 |
| TOP OF THE 4TH |
|
Washington Nationals batting - Pitching for New York Mets : RHP Pat Whittier
|
|
Batting: RHB Jeremy Austin
|
0-0: DOUBLE (Line Drive, 5D, EV 101.9 MPH)
|
|
Batting: RHB Mathies Reuter
|
0-0: Fly out, F7 (Flyball, 78S, EV 76.3 MPH)
|
|
Batting: RHB Miguel Sano
|
0-0: Ball 1-0: Called Strike 1-1: Ground out 5-3 (Groundball, 5S, EV 70.6 MPH)
|
|
Batting: LHB David Dahl
|
0-0: Swinging Strike 0-1: Swinging Strike 0-2: Ball 1-2: Ball 2-2: SINGLE (Line Drive, 78S, EV 90.0 MPH) Jeremy Austin to third Throwing error, E8 Jeremy Austin scores David Dahl to second
|
|
Batting: LHB Shane Mardirosian
|
0-0: Called Strike 0-1: Swinging Strike 0-2: Foul Ball, location: 2F 0-2: Ball 1-2: Ball 2-2: Ball 3-2: Base on Balls
|
|
Batting: RHB Manny Machado
|
0-0: Fly out, F9 (Line Drive, 9S, EV 93.8 MPH)
|
| Top of the 4th over - 1 run, 2 hits, 1 error, 2 left on base; Washington 2 - New York 0 |
| BOTTOM OF THE 4TH |
|
New York Mets batting - Pitching for Washington Nationals : RHP Joey Gatto
|
|
Batting: LHB Deron Fernández
|
0-0: Ball 1-0: Ball 2-0: Called Strike 2-1: Ball 3-1: Foul Ball, location: 9LDF 3-2: Strikes out swinging
|
|
Batting: LHB Jim Hayes
|
0-0: Called Strike 0-1: Ball 1-1: Foul Ball, location: 3F 1-2: Ball 2-2: Ball 3-2: Strikes out looking
|
|
Batting: RHB Pat Flores
|
0-0: Ground out 4-3 (Groundball, 4, EV 77.5 MPH)
|
| Bottom of the 4th over - 0 runs, 0 hits, 0 errors, 0 left on base; Washington 2 - New York 0 |
| TOP OF THE 5TH |
|
Washington Nationals batting - Pitching for New York Mets : RHP Pat Whittier
|
|
Batting: LHB Bryce Harper
|
0-0: Called Strike 0-1: Fly out, F8 (Flyball, 8RD, EV 106.3 MPH)
|
|
Batting: RHB Oscar Hernandez
|
0-0: Ground out 6-3 (Groundball, 6, EV 101.3 MPH)
|
|
Batting: RHB Aaron Judge
|
0-0: Swinging Strike 0-1: Ball 1-1: Foul Ball, location: 23F 1-2: Ball 2-2: Strikes out looking
|
| Top of the 5th over - 0 runs, 0 hits, 0 errors, 0 left on base; Washington 2 - New York 0 |
| BOTTOM OF THE 5TH |
|
New York Mets batting - Pitching for Washington Nationals : RHP Joey Gatto
|
|
Batting: RHB Mike Wilson
|
0-0: Foul Ball, location: 9LMF 0-1: Swinging Strike 0-2: Ball 1-2: Ball 2-2: Strikes out looking
|
|
Batting: LHB Reese McGuire
|
0-0: Ball 1-0: Ball 2-0: Ground out 6-3 (Groundball, 6, EV 108.1 MPH)
|
|
Batting: SHB Lou McKenzie
|
0-0: Ball 1-0: Ball 2-0: Ball 3-0: Base on Balls
|
|
Batting: RHB Dustin Peterson
|
0-0: Foul Ball, location: 9LDF 0-1: Fly out, F7 (Flyball, 78S, EV 93.8 MPH)
|
| Bottom of the 5th over - 0 runs, 0 hits, 0 errors, 1 left on base; Washington 2 - New York 0 |
| TOP OF THE 6TH |
|
Washington Nationals batting - Pitching for New York Mets : RHP Pat Whittier
|
|
Batting: RHB Jeremy Austin
|
0-0: Ball 1-0: Foul Ball, location: 7LSF 1-1: Ball 2-1: Foul Ball, location: 2F 2-2: Foul Ball, location: 3FF 2-2: Foul Ball, location: 7LMF 2-2: Strikes out looking
|
|
Batting: RHB Mathies Reuter
|
0-0: Fly out, F7 (Flyball, 7LS, EV 92.5 MPH)
|
|
Batting: RHB Miguel Sano
|
0-0: Foul Ball, location: 3FF 0-1: Foul Ball, location: 2F 0-2: Ball 1-2: Strikes out looking
|
| Top of the 6th over - 0 runs, 0 hits, 0 errors, 0 left on base; Washington 2 - New York 0 |
| BOTTOM OF THE 6TH |
|
New York Mets batting - Pitching for Washington Nationals : RHP Joey Gatto
|
|
Batting: RHB Juan De Leon
|
0-0: Foul Ball, location: 9LMF 0-1: Swinging Strike 0-2: Ball 1-2: Ball 2-2: Foul Ball, location: 9LMF 2-2: Strikes out swinging
|
|
Batting: RHB Konstancji Andrychowski
|
0-0: Fly out, F6 (Popup, 6M, EV 78.8 MPH)
|
|
Batting: LHB Deron Fernández
|
0-0: Ball 1-0: Ball 2-0: Called Strike 2-1: Ground out 4-3 (Groundball, 34D, EV 98.8 MPH)
|
| Bottom of the 6th over - 0 runs, 0 hits, 0 errors, 0 left on base; Washington 2 - New York 0 |
| TOP OF THE 7TH |
|
Washington Nationals batting - Pitching for New York Mets : RHP Pat Whittier
|
|
Pitching: RHP António Seroseres
|
|
|
Batting: LHB David Dahl
|
0-0: Called Strike 0-1: SINGLE (Line Drive, 6MD, EV 95.0 MPH)
|
|
Batting: LHB Shane Mardirosian
|
0-0: Ball 1-0: Foul Ball, location: 7LSFF 1-1: Foul Ball, location: 2F 1-2: Foul Ball, location: 2RF 1-2: Ball 2-2: Strikes out swinging
|
|
Batting: RHB Manny Machado
|
0-0: Called Strike 0-1: Ball 1-1: Ball 2-1: Grounds into double play, 6-4-3 (Groundball, 6M, EV 82.5 MPH)
|
| Top of the 7th over - 0 runs, 1 hit, 0 errors, 0 left on base; Washington 2 - New York 0 |
| BOTTOM OF THE 7TH |
|
New York Mets batting - Pitching for Washington Nationals : RHP Joey Gatto
|
|
Batting: LHB Jim Hayes
|
0-0: Ground out 1-3 (Groundball, 13, EV 75.0 MPH)
|
|
Batting: RHB Pat Flores
|
0-0: SINGLE (Groundball, 15, EV 66.3 MPH) (infield hit)
|
|
Batting: RHB Mike Wilson
|
0-0: Ball 1-0: Ball 2-0: Called Strike 2-1: Foul Ball, location: 2F 2-2: Grounds into double play, 4-6-3 (Groundball, 34, EV 83.1 MPH)
|
| Bottom of the 7th over - 0 runs, 1 hit, 0 errors, 0 left on base; Washington 2 - New York 0 |
| TOP OF THE 8TH |
|
Washington Nationals batting - Pitching for New York Mets : RHP António Seroseres
|
|
Batting: LHB Bryce Harper
|
0-0: Ball 1-0: Ball 2-0: SINGLE (Line Drive, 89S, EV 104.4 MPH)
|
|
Batting: RHB Oscar Hernandez
|
0-0: Ball 1-0: Called Strike 1-1: Grounds into double play, 5-4-3 (Groundball, 56, EV 102.5 MPH)
|
|
Batting: RHB Aaron Judge
|
0-0: Ball 1-0: Called Strike 1-1: Ball 2-1: Ground out 5-3 (Groundball, 5, EV 88.1 MPH)
|
| Top of the 8th over - 0 runs, 1 hit, 0 errors, 0 left on base; Washington 2 - New York 0 |
| BOTTOM OF THE 8TH |
|
New York Mets batting - Pitching for Washington Nationals : RHP Joey Gatto
|
|
Batting: LHB Reese McGuire
|
0-0: Swinging Strike 0-1: Foul Ball, location: 25F 0-2: Foul Ball, location: 2F 0-2: Ball 1-2: Foul Ball, location: 7LSF 1-2: Ball 2-2: Foul Ball, location: 2F 2-2: Ground out 4-3 (Groundball, 4, EV 108.1 MPH)
|
|
Batting: SHB Lou McKenzie
|
0-0: Ball 1-0: Called Strike 1-1: Foul Ball, location: 7LMF 1-2: Strikes out swinging
|
|
Batting: RHB Dustin Peterson
|
0-0: Swinging Strike 0-1: Ball 1-1: Foul Ball, location: 7LSF 1-2: Strikes out swinging
|
| Bottom of the 8th over - 0 runs, 0 hits, 0 errors, 0 left on base; Washington 2 - New York 0 |
| TOP OF THE 9TH |
|
Washington Nationals batting - Pitching for New York Mets : RHP António Seroseres
|
|
Batting: RHB Jeremy Austin
|
0-0: Ball 1-0: Ball 2-0: Fly out, F1 (Line Drive, P, EV 88.1 MPH)
|
|
Batting: RHB Mathies Reuter
|
0-0: Ball 1-0: Swinging Strike 1-1: Ground out 6-3 (Groundball, 56, EV 91.3 MPH)
|
|
Batting: RHB Miguel Sano
|
0-0: Ball 1-0: Ground out 6-3 (Groundball, 6, EV 101.9 MPH)
|
| Top of the 9th over - 0 runs, 0 hits, 0 errors, 0 left on base; Washington 2 - New York 0 |
| BOTTOM OF THE 9TH |
|
New York Mets batting - Pitching for Washington Nationals : RHP Joey Gatto
|
|
Pitching: RHP Robbie McJannett
|
|
|
Now in RF: Ken Little
|
|
|
Batting: RHB Juan De Leon
|
0-0: Called Strike 0-1: Swinging Strike 0-2: Strikes out looking
|
|
Batting: RHB Konstancji Andrychowski
|
0-0: Ball 1-0: Fly out, F8 (Line Drive, 8RM, EV 98.1 MPH)
|
|
Batting: LHB Deron Fernández
|
0-0: Called Strike 0-1: Ball 1-1: Called Strike 1-2: Strikes out swinging
|
| Bottom of the 9th over - 0 runs, 0 hits, 0 errors, 0 left on base; Washington 2 - New York 0 |
|